 Dungeon Crawl Stone Soup version 0.22-a0-776-ge6d7efa (webtiles) character file.

116 Hebeh the Magician (level 4, -1/24 HPs)
             Began as a Deep Elf Fire Elementalist on July 16, 2018.
             Slain by a gnoll
             ... wielding a +0 halberd
              (2 damage)
             ... on level 3 of the Dungeon on July 18, 2018.
             The game lasted 00:10:15 (2584 turns).

Hebeh the Magician (Deep Elf Fire Elementalist)     Turns: 2584, Time: 00:10:15

Health: -1/24      AC:  3    Str:  5    XL:     4   Next: 70%
Magic:  8/12       EV: 13    Int: 21    God:
Gold:   115        SH:  0    Dex: 15    Spells: 5/11 levels left

rFire    . . .     SeeInvis .   b - +0 hunting sling
rCold    . . .     Gourm    .   (no shield)
rNeg     . . .     Faith    .   q - +0 robe
rPois    .         Spirit   .   v - +0 helmet
rElec    .         Reflect  .   (no cloak)
rCorr    .         Harm     .   (no gloves)
MR       .....                  (no boots)
Stlth    ++........             g - amulet of magic regeneration
HPRegen  0.08/turn              (no ring)
MPRegen  0.38/turn              (no ring)

@: no status effects
A: no striking features
a: no special abilities


You were on level 3 of the Dungeon.
You were not hungry.

You visited 1 branch of the dungeon, and saw 3 of its levels.

You collected 115 gold pieces.

Inventory:

Hand Weapons
 a - a +0 dagger
 b - a +0 hunting sling (weapon)
Missiles
 e - 19 arrows
 r - 120 stones (quivered)
 t - 18 bolts
Armour
 q - a +0 robe (worn)
 v - a +0 helmet (worn)
Jewellery
 g - an amulet of magic regeneration (around neck)
Scrolls
 f - 3 scrolls of magic mapping {unknown}
 h - a scroll of fear {unknown}
 i - a scroll of fog {unknown}
 j - a scroll of blinking {unknown}
 k - 5 scrolls of identify {unknown}
 l - 3 scrolls of teleportation {unknown}
 n - 2 scrolls of remove curse {unknown}
Potions
 d - 2 potions of haste {unknown}
 m - a potion of curing {unknown}
 p - 2 potions of heal wounds {unknown}
 s - 3 potions of might {unknown}
 u - a potion of resistance {unknown}
Comestibles
 c - 8 rations
 o - 3 chunks of flesh


   Skills:
 - Level 2.4 Dodging
 - Level 2.4 Stealth
 + Level 4.2 Spellcasting
 * Level 3.6 Conjurations
 + Level 4.1 Fire Magic


You had 5 spell levels left.
You knew the following spells:

 Your Spells              Type           Power        Failure   Level  Hunger
a - Flame Tongue          Conj/Fire      ###..        2%          1    None
b - Throw Flame           Conj/Fire      ###...       3%          2    #......
c - Conjure Flame         Conj/Fire      ###.....     7%          3    ###....

Your spell library contained the following spells:

 Spells                   Type           Power        Failure   Level  Hunger
 Fireball                 Conj/Fire      ###.......   54%         5    ######.
 Sticky Flame             Conj/Fire      ###.....     24%         4    ####...
 Inner Flame              Hex/Fire       ##......     16%         3    ###....


Dungeon Overview and Level Annotations

Branches:
Dungeon (3/15)

Altars:


Message History

The gnoll is almost dead.
The gnoll hits you from afar with a halberd.
The gnoll hits you with a whip.
Casting: Flame Tongue (safe; 2% risk of failure)
Confirm with . or Enter, or press ? or * to list all spells.
Aiming: Flame Tongue (safe; 2% risk of failure)
Press: ? - help, Shift-Dir - straight line, f/p - gnoll
Aim: a gnoll, wielding a whip (almost dead)
The flame tongue hits the gnoll.
You kill the gnoll!
The gnoll hits you from afar with a halberd!
Ouch! That really hurt!
* * * LOW HITPOINT WARNING * * *
The gnoll throws a throwing net.
The throwing net barely misses you.
You see here a throwing net.
The gnoll hits you but does no damage.
There is a stone staircase leading up here.
The gnoll misses you.
The gnoll hits you from afar with a halberd.
You die...

# ## #. ..
##.##. # #
...#. .# .# #
... .##.. ..
#)###.....
#.##.g...#
#....g..##
#.....@.#
#.....(..#
#.....###....
#.....# .....
.......# ####
.##......
####.#> #. .


You could see 2 gnolls.

Vanquished Creatures
  Robin (D:2)
  2 gnolls (D:3)
  3 adders (D:2)
  A worm (D:2)
  A dart slug (D:2)
  2 leopard geckos (D:1)
  A ball python (D:2)
  A bat (D:1)
  2 giant cockroaches (D:1)
  13 goblins (D:2)
  13 hobgoblins
  4 kobolds (D:1)
  3 frilled lizards
  3 rats
50 creatures vanquished.

Notes
Turn   | Place    | Note
-------+----------+-------------------------------------------
     0 | D:1      | Hebeh the Deep Elf Fire Elementalist began the quest for the Orb.
     0 | D:1      | Reached XP level 1. HP: 10/10 MP: 6/6
   496 | D:1      | Reached XP level 2. HP: 14/15 MP: 5/8
  1137 | D:2      | Reached XP level 3. HP: 19/19 MP: 7/10
  1533 | D:2      | Learned a level 2 spell: Throw Flame
  1576 | D:2      | Noticed Robin
  1584 | D:2      | Killed Robin
  1683 | D:2      | Learned a level 3 spell: Conjure Flame
  1865 | D:2      | Reached XP level 4. HP: 24/24 MP: 9/11
  2548 | D:2      | Upgraded the game from 0.22-a0-757-gdba82d8 to 0.22-a0-776-ge6d7efa
  2580 | D:3      | HP: 1/24 [gnoll/halberd (16)]
  2584 | D:3      | Slain by a gnoll

Vault maps used:
D:1:      dpeg_arrival_signposts
D:2:      first_ration, st_stairs_5, uniq_robin
D:3:      minmay_item_behind_shaft, uniq_purgy

Skill      XL: |  1  2  3  4 |
---------------+-------------+-----
Conjurations   | 2 3 |  3.6
Fire Magic     | 4 |  4.1
Spellcasting   | 4 |  4.2
Dodging        | |  2.4
Stealth        | |  2.4

Action                   |  1- 3 |  4- 6 || total
-------------------------+-------+-------++-------
 Fire: Hunting sling     |    42 |     2 ||    44
Throw: Stone             |     4 |       ||     4
 Cast: Flame Tongue      |    61 |    17 ||    78
       Throw Flame       |       |     9 ||     9
  Eat: Chunk             |     3 |     2 ||     5
Armor: Robe              |     1 |       ||     1
Dodge: Dodged            |    14 |     9 ||    23

Table legend:
 A = Spawn XP
 B = Non-spawn XP
 C = Spawn XP percentage of total XP
 D = Spawn monster count
 E = Non-spawn monster count
 F = Spawn count percentage of total count
 G = Total turns spent on level
                    A         B        C        D         E        F      G
               +---------+---------+-------+---------+---------+-------+---------
         Total |       0 |     167 |   0.0 |       0 |      50 |   0.0 |  2584
               +---------+---------+-------+---------+---------+-------+---------
           D:1 |       0 |      22 |   0.0 |       0 |      13 |   0.0 |  1083
           D:2 |       0 |     113 |   0.0 |       0 |      34 |   0.0 |  1478
           D:3 |       0 |      32 |   0.0 |       0 |       3 |   0.0 |    23
               +---------+---------+-------+---------+---------+-------+---------
